 Dungeon Crawl Stone Soup version 0.27-a0-808-g60bc5d92e6 (webtiles) character file.

Game seed: 2480684595875885879

516 funkygono the Magician (level 7, -6/45 HPs)
             Began as a Djinni Fire Elementalist on Mar 28, 2021.
             Killed by divine providence
             ... invoked by an orc priest
              (14 damage)
             ... on level 4 of the Dungeon.
             The game lasted 00:09:05 (4952 turns).

funkygono the Magician (Djinni Fire Elementalist)   Turns: 4952, Time: 00:09:05

Health: -6/45      AC:  3    Str:  7    XL:     7   Next: 20%
Gold:   114        EV: 27    Int: 19    God:
                   SH:  0    Dex: 13

rFire    + + .     SeeInvis .   e - +0 dagger
rCold    x . .     Faith    .   (no shield)
rNeg     . . .     Spirit   .   a - +1 robe
rPois    ∞         Reflect  .   (no helmet)
rElec    .         Harm     .   (no cloak)
rCorr    .         Rampage  .   (no gloves)
Will     .....                  (boots unavailable)
Stlth    ++........             d - amulet of the acrobat
HPRegen  0.15/turn              (no ring)
MPRegen  0.00/turn              (no ring)

@: acrobatic, flying
A: fire resistance 2, cold vulnerability 1, float, innate caster, hp casting,
extra vitality 1
a: no special abilities


You were on level 4 of the Dungeon.
You visited 1 branch of the dungeon, and saw 4 of its levels.

You collected 114 gold pieces.

Inventory:

Hand Weapons
 e - a +0 dagger (weapon)
Armour
 a - a +1 robe (worn)
 c - a +2 leather armour of fire resistance
Jewellery
 d - an amulet of the acrobat (around neck)
Wands
 h - a wand of paralysis (8)
Scrolls
 b - 4 scrolls of identify
 f - a scroll of magic mapping
Potions
 g - a potion of lignification
 i - a potion of haste


   Skills:
 + Level 0.2 Fighting
 + Level 2.9 Dodging
 - Level 1.5 Stealth
 * Level 6.6 Spellcasting


You couldn't memorise any spells.
You knew the following spells:

 Your Spells              Type           Power      Damage    Failure   Level
a - Foxfire               Conj/Fire      100%       2x1d9     1%          1
b - Conjure Flame         Conj/Fire      31%        6-21      1%          3
c - Inner Flame           Hex/Fire       31%        N/A       1%          3
d - Sticky Flame          Conj/Fire      31%        2d5       7%          4
e - Fireball              Conj/Fire      15%        3d8       19%         5
f - Sting                 Tmut/Pois      100%       1d8       1%          1
g - Poisonous Vapours     Pois/Air       62%        N/A       1%          2
h - Tukima's Dance        Hex            31%        N/A       1%          3
Your spell library was empty.

Dungeon Overview and Level Annotations

Branches:
Dungeon (4/15)
 Temple: D:4-7

Altars:
Wu Jian

Annotations:
D:3 3 runed translucent doors, p0werm0de's ghost, amateur GrFi


Innate Abilities, Weirdness & Mutations

You are immune to poison.
Your flesh is very heat resistant. (rF++)
You are vulnerable to cold. (rC-)
You float through the air rather than walking.
You learn spells naturally, not from books.
Your magical power is your life essence.
You have superior vitality. (+4 HP)


Message History

Confirm with . or Enter, or press ? or * to list all spells.
You conjure some foxfire!
The foxfire hits the orc.
Flame seeps out of the orc.
The orc is lightly wounded.
The orc is engulfed in blazing flames.
The orc explodes!
The fiery explosion engulfs the orc priest!!
You kill the orc priest!
You hear a shout!
An orc priest comes into view. It is wielding a +0 mace.
Casting: Foxfire (safe; 1% risk of failure)
Confirm with . or Enter, or press ? or * to list all spells.
You conjure some foxfire!
Casting: Foxfire (safe; 1% risk of failure)
Confirm with . or Enter, or press ? or * to list all spells.
You conjure some foxfire!
The foxfire hits the orc priest but does no damage.
Casting: Foxfire (safe; 1% risk of failure)
Confirm with . or Enter, or press ? or * to list all spells.
Aiming: Sting (safe; 1% risk of failure)
Press: ? - help, Shift-Dir - straight line, f - orc priest
Aim: an orc priest, wielding a +0 mace and wearing a +0 scale mail (ally target, 19% to evade)
The sting misses the orc priest.
The foxfire hits the orc priest but does no damage. x2
Your foxfire dissipates!
The orc priest mumbles some strange prayers to Beogh against you.
Pain shoots through your body!
* * * LOW HITPOINT WARNING * * *
Casting: Sting (safe; 1% risk of failure)
Confirm with . or Enter, or press ? or * to list all spells.
Aiming: Sting (safe; 1% risk of failure)
Press: ? - help, Shift-Dir - straight line, f/p - orc priest
Aim: an orc priest, wielding a +0 mace and wearing a +0 scale mail (19% to evade)
The sting hits the orc priest.
The orc priest is poisoned.
The orc priest is moderately wounded.
* * * LOW HITPOINT WARNING * * *
Okay, then.
The orc priest invokes the aid of Beogh against you.
Beogh smites you!
You die...

####.......#..##
######..........#...
##..............>##.##
.............######.#####.
.............#......°))..o
.........#.......o.######
##.......#####.....#.#
#.......# #.'.....'.#
#####...# #.#..@..#.#
#...# #.........# #####
###.....### #>....#
######## ##....##
##......## #.....#
#........# #.....#####
####........# #.........#
............#
#....####.###


You could see an orc priest (poisoned).

Vanquished Creatures
  A phantom (D:4)
  2 scorpions (D:4)
  A hound (D:4)
  2 orc priests
  A gnoll shaman (D:4)
  An orc wizard (D:4)
  5 gnolls (D:4)
  A river rat (D:3)
  7 adders
  A worm (D:3)
  6 orcs (D:4)
  3 endoplasms
  2 giant cockroaches (D:3)
  6 goblins
  4 hobgoblins
  3 jackals (D:1)
  6 kobolds
  5 quokkas
  11 ball pythons
  7 bats
  4 frilled lizards (D:1)
  11 rats
90 creatures vanquished.

Vanquished Creatures (others)
  257 foxfires
257 creatures vanquished.

Grand Total: 347 creatures vanquished

Notes
Turn   | Place    | Note
-------+----------+-------------------------------------------
     0 | D:1      | funkygono the Djinni Fire Elementalist began the quest for
                  | the Orb.
     0 | D:1      | Reached XP level 1. HP: 15/15 MP: 0/0
   202 | D:1      | Reached skill level 3 in Spellcasting
   203 | D:1      | Reached XP level 2. HP: 9/21 MP: 0/0
   468 | D:1      | Identified Sif Muna's Volume of Torrid Flight
  1185 | D:1      | Reached XP level 3. HP: 8/25 MP: 0/0
  1185 | D:1      | Learned a level 1 spell: Sting
  2027 | D:2      | Reached skill level 4 in Spellcasting
  2225 | D:2      | Found an ornate altar of the Wu Jian Council.
  2422 | D:3      | Reached XP level 4. HP: 29/31 MP: 0/0
  2591 | D:3      | Found a runed translucent gate.
  2591 | D:3      | Found a runed translucent gate.
  2591 | D:3      | Found a runed translucent gate.
  2592 | D:3      | Noticed p0werm0de's ghost (amateur GrFi)
  3124 | D:3      | Reached XP level 5. HP: 16/35 MP: 0/0
  3124 | D:3      | Learned a level 2 spell: Poisonous Vapours
  3788 | D:4      | Reached skill level 5 in Spellcasting
  3800 | D:4      | Reached XP level 6. HP: 21/40 MP: 0/0
  3859 | D:4      | HP: 1/40 [phantom (6)]
  3864 | D:4      | HP: 2/40 [phantom (5)]
  4221 | D:4      | Noticed a necrophage
  4372 | D:4      | Reached skill level 6 in Spellcasting
  4460 | D:4      | Reached XP level 7. HP: 42/45 MP: 0/0
  4460 | D:4      | Learned a level 3 spell: Tukima's Dance
  4952 | D:4      | Killed from afar by an orc priest

Illustrated notes

Levels and vault maps discovered:
D:1:      psy_arrival_basics, layout_basic
D:2:      layout_basic, nzn_wu_jian_council_hall
D:3:      layout_basic, ebering_ghost_rock_garden, portal_sewer_entry_e
D:4:      layout_basic

Skill      XL: |  1  2  3  4  5  6 |
---------------+-------------------+-----
Spellcasting   | 3 4 5 6 |  6.6
Fighting       | |  0.2
Dodging        | |  2.9
Stealth        | |  1.5

Action                   |  1- 3 |  4- 6 |  7- 9 || total
-------------------------+-------+-------+-------++-------
Melee: Dagger            |     1 |       |       ||     1
 Cast: Foxfire           |    59 |    85 |    14 ||   158
       Sting             |     1 |     3 |     7 ||    11
       Poisonous Vapours |       |     1 |       ||     1
       Inner Flame       |       |       |     2 ||     2
       Tukima's Dance    |       |       |     1 ||     1
  Use: Scroll            |     6 |     2 |       ||     8
       Potion            |       |     1 |       ||     1
Armor: Robe              |       |     4 |       ||     4
Dodge: Dodged            |    21 |    18 |     9 ||    48

Table legend: (Time is in decaauts)
 A = Elapsed time spent in this place.
 B = Non-inter-level travel time spent in this place.
 C = Inter-level travel time spent in this place.
 D = Time resting spent in this place.
 E = Time spent auto-exploring this place.
 F = Levels seen in this place.
 G = Mean time per level.
                   A        B        C        D        E       F      G
               +--------+--------+--------+--------+--------+-----+--------+
         Total |   4953 |   4857 |     96 |    551 |   3347 |   4 | 1238.2 |
       Dungeon |   4953 |   4857 |     96 |    551 |   3347 |   4 | 1238.2 |
               +--------+--------+--------+--------+--------+-----+--------+

Top non-repeatable levels by time:
     D:3: 1752 daAuts
     D:1: 1539 daAuts
     D:2: 877 daAuts
     D:4: 784 daAuts
